 Dungeon Crawl Stone Soup version 0.28.0-53-g5a82cb258f (webtiles) character file.

Game seed: 6612249327382249933

5 hawla the Firebug (level 1, 0/7 HPs)
             Began as a Felid Fire Elementalist on May 23, 2022.
             Slain by a jackal (2 damage)
             ... on level 1 of the Dungeon.
             The game lasted 00:00:30 (157 turns).

hawla the Firebug (Felid Fire Elementalist)          Turns: 157, Time: 00:00:31

Health: 0/7        AC:  1    Str:  4    XL:     1   Next: 66%
Magic:  0/4        EV: 17    Int: 16    God:
Gold:   24         SH:  0    Dex: 16    Spells: 3/4 levels left
                                        Lives:  0   Deaths: 0

rFire   . . .      SeeInvis +   (weapon unavailable)
rCold   . . .      Faith    .   (shield unavailable)
rNeg    . . .      Spirit   .   (armour unavailable)
rPois   .          Reflect  .   (helmet unavailable)
rElec   .          Harm     .   (cloak unavailable)
rCorr   .          Rampage  .   (gloves unavailable)
Will    .....                   (boots unavailable)
Stlth   ++........              (no amulet)
HPRegen 0.02/turn               (no ring)
MPRegen 0.09/turn               (no ring)

@: quick
A: very small, claws 1, fangs 3, see invisible, speed 1, shaggy fur 1, stealthy
paws, no weapons or thrown items, no armour, multi-lived
a: no special abilities


You were on level 1 of the Dungeon.
You visited 1 branch of the dungeon, and saw 1 of its levels.

You collected 24 gold pieces.

You aren't carrying anything.


   Skills:
 + Level 2.7 Dodging
 + Level 2.7 Stealth
 + Level 2.0 Spellcasting
 + Level 0.8 Conjurations
 + Level 3.0 Fire Magic


You had 3 spell levels left.
You knew the following spells:

 Your Spells              Type           Power      Damage    Failure   Level
a - Foxfire               Conj/Fire      28%        2x1d5     10%         1

Your spell library contained the following spells:

 Spells                   Type           Power      Damage    Failure   Level
 Scorch                   Fire           22%        2d6       9%          2
 Conjure Flame            Conj/Fire      7%         6-21      28%         3
 Inner Flame              Hex/Fire       6%         N/A       32%         3
 Flame Wave               Conj/Fire      7%         2d5       67%         4


Dungeon Overview and Level Annotations

Branches:
Dungeon (1/15)

Altars:


Innate Abilities, Weirdness & Mutations

You have sharp claws.
You have razor-sharp teeth.
You have supernaturally acute eyesight. (SInv)
You cover ground quickly. (Speed+)
You are covered in fur. (AC +1)
Your paws help you pounce on unaware monsters.
You are incapable of wielding weapons or throwing items.
You cannot wear armour.
You gain extra lives every three experience levels.


Message History

Nothing appears to happen.
A jackal comes into view.
The foxfire hits the kobold.
The kobold is heavily wounded.
The foxfire hits the kobold but does no damage.
The kobold is heavily wounded.
The kobold throws a stone.
The stone completely misses you.
Casting: Foxfire (safe; 10% risk of failure)
Confirm with . or Enter, or press ? or * to list all spells.
You conjure some foxfire!
Casting: Foxfire (safe; 10% risk of failure)
Confirm with . or Enter, or press ? or * to list all spells.
You conjure some foxfire!
The foxfire hits the jackal.
The jackal is almost dead.
The foxfire hits the jackal.
You kill the jackal!
The foxfire hits the jackal but does no damage.
The foxfire hits the jackal.
The jackal is severely wounded.
Unknown command.
You barely miss the jackal.
The jackal is severely wounded.
The jackal misses you. The kobold hits you with a +0 whip.
You scratch the kobold.
You kill the kobold!
The jackal completely misses you. The jackal misses you.
Your Fire Magic skill increases to level 3!
You scratch the jackal but do no damage.
The jackal is heavily wounded.
The jackal bites you.
* * * LOW HITPOINT WARNING * * *
Your magical contamination has completely faded away.
You are too injured to fight recklessly!
You closely miss the jackal.
The jackal is heavily wounded.
The jackal misses you. The jackal closely misses you.
Casting: Foxfire (safe; 10% risk of failure)
Confirm with . or Enter, or press ? or * to list all spells.
You conjure some foxfire!
The jackal bites you.
You die...

................. ###
#...#####....... . ###..
#...#.####.##.## #.#....
#...#.#......... ......
#.......######## #....
#.#.#..##.(.....
#.#....####.#...##.#######
......)..v..#..##.##...# #
........h@..#..#.#'.#####.
.......>.v.##..#.#.##...##
........#####..#.#.#.###.#
######... ...#.#.#.#<#.#
#... #.#.#.'##.# #....
#.#.##.#.'# #....
#.##.#####. ......
##.##.....# ##.#######


You could see a jackal (ally target).

Vanquished Creatures
  2 goblins (D:1)
  A jackal (D:1)
  A kobold (D:1)
4 creatures vanquished.

Vanquished Creatures (others)
  9 foxfires (D:1)
9 creatures vanquished.

Grand Total: 13 creatures vanquished

Notes
Turn   | Place    | Note
-------+----------+-------------------------------------------
     0 | D:1      | hawla the Felid Fire Elementalist began the quest for the
                  | Orb.
     0 | D:1      | Reached XP level 1. HP: 7/7 MP: 4/4
   153 | D:1      | Reached skill level 3 in Fire Magic
   157 | D:1      | Slain by a jackal

Illustrated notes

Levels and vault maps discovered:
D:1:      evilmike_arrival_rings, layout_basic, basic_ecumenical_altar,
          minmay_circled_x

Skill      XL: |  1 |
---------------+----+-----
Fire Magic     | 3 |  3.0
Dodging        | |  2.7
Stealth        | |  2.7
Spellcasting   | |  2.0
Conjurations   | |  0.8

Action                   || total
-------------------------++-------
Melee: Unarmed           ||     4
 Cast: Foxfire           ||     6
Dodge: Dodged            ||     6
